Unix NetHack Version 5.0.0-0 post-release - last build Jul 14 2026 02:55:29 (1809b74e8187c3a3585e283601c3028b46cbbdcb,branch:main).

Game began 2026-07-15 17:53:33, ended 2026-07-15 20:11:41.

Jinnora, neutral male human Wizard

                        -----------       -----------
                        |.........|     ---....|....|
                        |.........|     |>...``|``..|
                        |....)....|     ---....[.`..|
                        |....<....|       |....|....|
                        |.........|      ---------%-|
                        |.........|      |.....|....|
                        |..).).)..|      |.....|....|
                        |.).......|      |.......T@.|
                        ||----------------.....|....|
                        |................^.....|....|
                        -----------------------------

Jinnora the Thaumaturge   St:15 Dx:15 Co:17 In:18 Wi:18 Ch:7  Neutral
Dlvl:5  $:0  HP:0(62) Pw:108(126) AC:-1 Xp:9/4791 T:16158 

Latest messages:
 You see here a worthless piece of orange glass.
 You see here a banded mail.
 You descend the stairs.
 Where do you want to travel to?
 (For instructions type a '?')
 You climb up the stairs.
 Where do you want to travel to?
 (For instructions type a '?')
 You escape a rolling boulder trap.
 You escape a rolling boulder trap.
 You climb up the stairs.
 You see here an iron skull cap.
 The ogre lord wields a single-edged polearm!
 The single-edged polearm welds itself to the ogre lord's hands!
 The ogre lord bashes with his single-edged polearm.
 The ogre lord misses!
 You hit the ogre lord!
 The ogre lord bashes with his single-edged polearm.
 The ogre lord just misses!
 You hit the ogre lord.
 The ogre lord bashes with his single-edged polearm.
 The ogre lord hits!
 You hit the ogre lord!
 The ogre lord bashes with his single-edged polearm.
 The ogre lord hits!
 You kill the ogre lord!
 There are several objects here.
 p - a red gem.
 n - an uncursed potion of paralysis.
 p - an uncursed garnet stone.
 You fail to cast the spell correctly.
 You fail to cast the spell correctly.
 You hit the troll!
 The troll hits!
 The troll hits!
 The troll bites!
 You hit the troll!
 The troll hits!
 The troll hits!
 The troll bites!
 You hit the troll!
 The troll hits!
 The troll misses!
 The troll misses!
 You hit the troll!
 The troll hits!
 The troll hits!
 The troll bites!
 You die...
 Do you want your possessions identified? [ynq] (y) q

Inventory:
 Weapons  (')')
  a - the uncursed rustproof +0 Magicbane (weapon in right hand)
 Armor    ('[')
  o - an uncursed +0 elven leather helm (being worn)
  i - an uncursed +0 pair of elven boots (being worn)
  b - an uncursed burnt +3 cloak of magic resistance (being worn)
  H - an uncursed +0 dwarvish mithril-coat (being worn)
 Comestibles  ('%')
  w - 3 uncursed slime molds
  T - 3 uncursed apples
  B - an uncursed fortune cookie
  F - an uncursed lichen corpse
  Y - an uncursed lizard corpse
 Scrolls  ('?')
  j - 2 blessed scrolls of teleportation
  M - an uncursed scroll of teleportation
 Potions  ('!')
  r - 2 uncursed potions of extra healing
  f - 3 uncursed potions of healing
  n - an uncursed potion of paralysis
  C - a potion of holy water
 Rings    ('=')
  e - an uncursed ring of conflict
  Q - an uncursed ring of levitation
  E - an uncursed ring of see invisible
  d - an uncursed ring of shock resistance
 Wands    ('/')
  L - an uncursed wand of death (0:2)
  x - an uncursed wand of digging (0:5)
  c - an uncursed wand of light (0:9)
  D - an uncursed wand of magic missile (0:2)
  Z - an uncursed wand of polymorph (0:5)
  g - an uncursed wand of secret door detection (0:14)
  O - an uncursed wand of sleep (0:1)
  u - an uncursed wand of slow monster (0:8)
  R - an uncursed wand of speed monster (0:8)
  J - an uncursed wand of speed monster (0:5)
  U - an uncursed wand of stasis (0:3)
  S - an uncursed wand of striking (0:4)
  G - an uncursed wand of striking (0:3)
 Tools    ('(')
  t - an uncursed blindfold
  V - an uncursed magic lamp (lit)
  P - an uncursed +0 pick-axe
  A - an uncursed skeleton key
  z - an uncursed +0 unicorn horn
 Gems/Stones  ('*')
  p - an uncursed garnet stone

Jinnora the Wizard's attributes:

Background:
 You were a Thaumaturge, a level 9 male human Wizard.
 You were neutral, on a mission for Thoth
 who was opposed by Ptah (lawful) and Anhur (chaotic).
 You started out female.
 You were right-handed.
 You were in Sokoban, on level 5.
 You entered the dungeon 16158 turns ago.
 There was a new moon in effect when your adventure ended.
 You had 4791 experience points, 329 more were needed to attain level 10.

Basics:
 You had 0 out of 62 hit points.
 You had 108 out of 126 energy points (spell power).
 Your armor class was -1.
 Your wallet was empty.
 Autopickup was off.

Final Characteristics:
 Your strength was 15 (limit:18/100).
 Your dexterity was 15 (limit:18).
 Your constitution was 17 (limit:18).
 Your intelligence was 18 (limit:18).
 Your wisdom was 18 (limit:18).
 Your charisma was 7 (limit:18).

Final Status:
 You weren't hungry.
 You were unencumbered.
 You were wielding a dagger.
 You had expert skill with dagger.

Final Attributes:
 You were piously aligned.
 You were magic-protected.
 You were fire resistant.
 You were cold resistant.
 You were sleep resistant.
 You were poison resistant.
 You were telepathic.
 You were stealthy.
 You were guarded.
 Your spell casting was impaired by metallic armor.
 You are dead.

Miscellaneous:
 You encountered 1 bones level.
 Total elapsed playing time was 2 hours, 18 minutes and 7 seconds.

Major events:
 Turn
    1: Jinnora the neutral female human Wizard entered the dungeon
  522: entered the Gnomish Mines
  886: attained the rank of Conjurer (level 3)
 2293: attained the rank of Thaumaturge (level 6)
 8091: was bestowed with Magicbane by Thoth
 8799: reached Mine Town
11120: entered Sokoban
12386: completed 1st Sokoban level
12691: completed 2nd Sokoban level
13224: completed 3rd Sokoban level
13977: completed 4th Sokoban level
15576: entered the Bigroom
16158: killed by a troll

Spells:
 Name                 Level Category     Fail Retention
 force bolt             1   attack        40%   11%-20%
 identify               3   divination    40%   16%-20%
 cure sickness          3   healing       96%  76%-100%
 detect monsters        1   divination    40%   76%-80%

Skills:
 Fighting Skills
   bare handed combat [Unskilled]
   riding             [Unskilled]
 Weapon Skills
   dagger             [Expert]
   knife              [Unskilled]
   axe                [Unskilled]
   short sword        [Unskilled]
   club               [Unskilled]
   mace               [Unskilled]
   quarterstaff       [Basic]
   polearms           [Unskilled]
   spear              [Unskilled]
   trident            [Unskilled]
   sling              [Unskilled]
   dart               [Unskilled]
   shuriken           [Unskilled]
 Spellcasting Skills
   attack spells      [Basic]
   healing spells     [Unskilled]
   divination spells  [Skilled]
   enchantment spells [Basic]
   clerical spells    [Unskilled]
   escape spells      [Unskilled]
   matter spells      [Unskilled]

Voluntary challenges:
 Character rerolling was not enabled.
 You never genocided any monsters.
 You never polymorphed an object.
 You never changed form.
 You used no wishes.
 You violated the special Sokoban rules once.
Achievements:
 You entered the Gnomish Mines.
 You entered a shop.
 You attained the rank of Conjurer.
 You attained the rank of Thaumaturge.
 You entered Minetown.
 You entered a temple.
 You entered Sokoban.
 You entered the Big Room.

 The Dungeons of Doom: levels 1 to 10
    Level 1:
       A fountain.
    Level 2:
       A potion shop, some fountains.
       Stairs down to The Gnomish Mines.
    Level 3:
       A fountain, a sink, a grave.
    Level 4:
       An altar to Thoth, many fountains.
    Level 5:
       A throne.
       Final resting place for
          Mrpotato-Bar-Hum-Mal-Neu, killed by a dwarf king.
    Level 6:
       Many fountains.
       Oracle of Delphi.
    Level 7:
       A throne, a grave.
       Stairs up to Sokoban, level 6.
    Level 8:
       A fountain.
    Level 9:
       A general store, a fountain.
    Level 10:
       A very big room.
 The Gnomish Mines: levels 3 to 7
    Level 3:
    Level 4:
    Level 5:
       Many shops, a temple and an altar to Thoth, some fountains, some trees.
    Level 6:
    Level 7:
 Sokoban: levels 6 up to 3
    Level 3:
       Solved.
    Level 4:
       Solved.
    Level 5: <- You were here.
       Solved.
       Final resting place for
          you, killed by a troll.
    Level 6:
       Solved.


Vanquished creatures:
  a ghost
  2 giant mimics
  a large mimic
  a wumpus
 11 small mimics
  a xan
  3 ogre leaders
  2 trolls
  2 gelatinous cubes
  a freezing sphere
  a flaming sphere
  a shocking sphere
  a dwarf ruler
  a tengu
 an ochre jelly
  a watchman
  a chameleon
  a crocodile
  2 giant beetles
  a quivering blob
  a panther
  a gremlin
  3 leprechauns
  2 forest centaurs
  2 gnome rulers
 an orc mummy
  a dwarf mummy
  a rust monster
  3 Green-elves
  a lizard
  a dingo
  a dog
  2 dwarf leaders
  a blue jelly
  a white unicorn
  a black unicorn
  2 dust vortices
  a gnome mummy
  2 snakes
  3 human zombies
  a rope golem
  6 Woodland-elves
  a wood nymph
  a water nymph
  4 Uruk-hai
 an orc shaman
  2 rock piercers
  6 rock moles
  a pony
  3 fog clouds
  6 yellow lights
  a shrieker
  3 violet fungi
  6 gnome leaders
  2 gnomish wizards
  a kobold mummy
  2 gray oozes
  2 elf zombies
  a ghoul
  2 straw golems
  2 paper golems
  9 giant ants
  a little dog
  8 floating eyes
 12 dwarves
  3 homunculi
 27 hill orcs
  a rothe
  a giant bat
  a monkey
  7 orc zombies
  a dwarf zombie
  2 wererats
  8 iguanas
  2 killer bees
  2 acid blobs
  a coyote
  4 gas spores
  3 hobbits
  4 manes
  3 large kobolds
  8 hobgoblins
  8 giant rats
  6 cave spiders
  4 yellow molds
  a green mold
 40 gnomes
  6 geckos
  8 jackals
  2 foxes
  3 kobolds
  4 goblins
  a sewer rat
  8 grid bugs
  2 bats
 11 lichens
  2 kobold zombies
 15 newts
350 creatures vanquished.

No species were genocided or became extinct.

Game over:
                       ----------
                      /          \
                     /    REST    \
                    /      IN      \
                   /     PEACE      \
                  /                  \
                  |     Jinnora      |
                  |       0 Au       |
                  |   killed by a    |
                  |      troll       |
                  |                  |
                  |                  |
                  |       2026       |
                 *|     *  *  *      | *
        _________)/\\_//(\/(/\)/\//\/|_)_______

Goodbye Jinnora the Wizard...

You died in Sokoban on dungeon level 5 with 19634 points,
and 0 pieces of gold, after 16158 moves.
You were level 9 with a maximum of 62 hit points when you died.

